 Dungeon Crawl Stone Soup version 0.26-a0-1213-gd52f5182fe (webtiles) character file.

Game seed: 13277613937911612012

44 HoaS the Chopper (level 3, -12/31 HPs)
             Began as a Minotaur Berserker on Dec 30, 2020.
             Was a Follower of Trog.
             Mangled by a gnoll
             ... wielding a +1 halberd of protection
              (14 damage)
             ... on level 2 of the Dungeon.
             The game lasted 00:02:24 (930 turns).

HoaS the Chopper (Minotaur Berserker)                Turns: 930, Time: 00:02:25

Health: -12/31     AC:  3    Str: 22    XL:     3   Next: 41%
Magic:  2/2        EV: 12    Int:  4    God:    Trog [*.....]
Gold:   64         SH:  0    Dex:  9    Spells: 2/2 levels left

rFire    . . .     SeeInvis .   a - +0 hand axe
rCold    . . .     Faith    .   (no shield)
rNeg     . . .     Spirit   .   e - +0 leather armour
rPois    .         Reflect  .   (helmet restricted)
rElec    .         Harm     .   (no cloak)
rCorr    .         Rampage  .   (no gloves)
Will     .....                  (no boots)
Stlth    +.........             (no amulet)
HPRegen  0.10/turn              (no ring)
MPRegen  0.08/turn              (no ring)

@: hasted, very quick
A: retaliatory headbutt, horns 2
a: Renounce Religion, Berserk


You were on level 2 of the Dungeon.
You worshipped Trog.
Trog was aware of your devotion.
You visited 1 branch of the dungeon, and saw 2 of its levels.

You collected 64 gold pieces.

Inventory:

Hand Weapons
 a - a +0 hand axe (weapon)
Armour
 e - a +0 leather armour (worn)
Jewellery
 g - a cursed ring of teleportation {unknown}
Wands
 f - a wand of iceblast (10)
Scrolls
 b - a scroll of teleportation {unknown}
 c - 3 scrolls of fog {unknown}
 d - 3 scrolls of immolation {unknown}
 i - a scroll of identify {unknown}


   Skills:
 - Level 3.6 Fighting
 + Level 5.4 Axes
 - Level 2.4 Armour
 - Level 2.1 Dodging


You had 2 spell levels left.
You didn't know any spells.
Your spell library was empty.

Dungeon Overview and Level Annotations

Branches:
Dungeon (2/15)

Altars:


Innate Abilities, Weirdness & Mutations

You reflexively headbutt those who attack you in melee.
You have a pair of horns on your head.


Message History

Trog accepts your kill.
The gnoll hits you from afar with a +1 halberd of protection!
The gnoll hits you with a +1 halberd of protection.
* * * LOW HITPOINT WARNING * * *
Items here: ))) †.
You hit the gnoll.
The gnoll is moderately wounded.
The gnoll hits you with a +1 halberd of protection.
* * * LOW HITPOINT WARNING * * *
You hit the gnoll.
The gnoll is moderately wounded.
You barely miss the gnoll. Your headbutt misses the gnoll.
The gnoll is moderately wounded.
The gnoll barely misses you.
It was a potion of haste.
You feel yourself speed up. The gnoll barely misses you.
You hit the gnoll but do no damage.
The gnoll is moderately wounded.
The gnoll hits you with a +1 halberd of protection!
You die...

....## #### #..............#.>#
.>...### .....#..##.....?........
.#####.####.....##.....(.........
.# #..#.#####..................
.#####......##.##......).........
................†.#.............#
.##........#...).................
.##.###.......####...#####.......
....#...........@g..## ##......
.####.........####### #......
.............## .......
.##........### .......
....###....# ..##'## ..### #.####
..# #.# ..# #.# ..# ..


You could see a gnoll.

Vanquished Creatures
  2 gnolls (D:2)
  A dart slug (D:1)
  A ball python (D:2)
  3 bats (D:2)
  2 giant cockroaches (D:2)
  2 goblins (D:2)
  2 hobgoblins (D:1)
  6 kobolds (D:2)
  2 frilled lizards (D:1)
  A rat (D:1)
22 creatures vanquished.

Notes
Turn   | Place    | Note
-------+----------+-------------------------------------------
     0 | D:1      | HoaS the Minotaur Berserker began the quest for the Orb.
     0 | D:1      | Reached XP level 1. HP: 19/19 MP: 0/0
   145 | D:1      | Reached skill level 4 in Axes
   620 | D:2      | Reached XP level 2. HP: 26/26 MP: 1/1
   917 | D:2      | Reached skill level 5 in Axes
   922 | D:2      | Reached XP level 3. HP: 24/31 MP: 2/2
   930 | D:2      | Mangled by a gnoll

Illustrated notes

Levels and vault maps discovered:
D:1:      shiori_shiawase, layout_rooms, feat_on_display
D:2:      minmay_evil_eye, layout_rooms, general_overflow_altar,
          evilmike_ruin_ashenzari

Skill      XL: |  1  2 |
---------------+-------+-----
Axes           | 4 5 |  5.4
Fighting       | |  3.6
Armour         | |  2.4
Dodging        | |  2.1

Action                   || total
-------------------------++-------
Melee: Hand axe          ||    50
       Headbutt          ||     4
  Use: Potion            ||     1
Armor: Animal skin       ||     2
       Leather armour    ||     1
Dodge: Dodged            ||    41

Table legend: (Time is in decaauts)
 A = Elapsed time spent in this place.
 B = Non-inter-level travel time spent in this place.
 C = Inter-level travel time spent in this place.
 D = Time resting spent in this place.
 E = Time spent auto-exploring this place.
 F = Levels seen in this place.
 G = Mean time per level.
                   A        B        C        D        E       F      G
               +--------+--------+--------+--------+--------+-----+--------+
         Total |    934 |    889 |     45 |    325 |    396 |   2 |  467.0 |
       Dungeon |    934 |    889 |     45 |    325 |    396 |   2 |  467.0 |
               +--------+--------+--------+--------+--------+-----+--------+

Top non-repeatable levels by time:
     D:1: 619 daAuts
     D:2: 315 daAuts
